 Dungeon Crawl Stone Soup version 0.31-a0-18-gea43df2a32 (webtiles) character file.

Game seed: 10391194133686337575

396 Gargoyl the Chopper (level 6, -5/39 HPs)
             Began as a Gargoyle Berserker on May 11, 2023.
             Was a Believer of Trog.
             Splashed by a jelly's acid (8 damage)
             ... on level 3 of the Dungeon.
             The game lasted 00:05:08 (2572 turns).

Gargoyl the Chopper (Gargoyle Berserker)            Turns: 2572, Time: 00:05:10

Health: -5/39      AC:  0    Str: 18 (21) XL:     6   Next: 83%
Magic:  6/6        EV: 10    Int:  4 (7)  God:    Trog [**....]
Gold:   215        SH:  0    Dex:  9 (11) Spells: 5/5 levels left

rFire   . . .        a - +0 hand axe
rCold   . . .        (no shield)
rNeg    + . .        c - +0 scale mail
rPois   ∞            (no helmet)
rElec   +            (no cloak)
rCorr   .            g - +0 pair of gloves
SInv    .            (no boots)
Will    .....        (no amulet) Stlth
                     (no ring)
HPRegen 0.26/turn    (no ring)
MPRegen 0.10/turn

%: no passive effects
@: corroded, on berserk cooldown, slowed, very slow
A: sickness immunity, AC +4, negative energy resistance 1, electricity
resistance, torment resistance 1, petrification resistance
a: Renounce Religion, Berserk, Trog's Hand


You were on level 3 of the Dungeon.
You worshipped Trog.
Trog was pleased with you.
You visited 1 branch of the dungeon, and saw 4 of its levels.

You collected 215 gold pieces.

Inventory:

Hand Weapons
 a - a +0 hand axe (weapon)
Missiles
 f - 4 poisoned darts (quivered)
Armour
 c - a +0 scale mail (worn)
 g - a +0 pair of gloves (worn)
Wands
 h - a wand of flame (11)
 i - a wand of charming (3)
Scrolls
 b - a scroll of vulnerability {unknown}
 d - a scroll of identify
 k - a scroll of fog
Potions
 e - a potion of invisibility
 j - a potion of cancellation
 l - 2 potions of heal wounds


   Skills:
 + Level 4.6 Fighting
 + Level 5.2 Axes
 + Level 3.2 Armour
 + Level 2.6 Dodging
 + Level 0.4 Stealth


You had 5 spell levels left.
You didn't know any spells.
Your spell library was empty.

Dungeon Overview and Level Annotations

Branches:
Dungeon (4/15)
 Temple: D:4-7

Altars:
Ru
Wu Jian
Yredelemnul


Innate Abilities, Weirdness & Mutations

You are immune to sickness and miasma.
Your stone body is resilient. (AC +4)
You are immune to poison.
You resist negative energy. (rN+)
You are resistant to electric shocks. (rElec)
You are resistant to unholy torment.
You are immune to petrification.


Message History

You feel a strong urge to attack something.
You are no longer berserk.
You are exhausted.
You feel yourself slow down.
You feel the effects of Trog's Hand fading.
There are no items here.
There are no items here.
Throw: 6 darts (poison)
Press: ? - help, Q - select action, (/) - cycle Shift-Dir - straight line, f - jelly
Aim: a jelly (89% to hit)
You throw a poisoned dart. The poisoned dart hits the jelly.
Unknown command.
Throw: 5 darts (poison)
Press: ? - help, Q - select action, (/) - cycle Shift-Dir - straight line, f/p - jelly
Aim: a jelly (89% to hit)
You throw a poisoned dart. The poisoned dart hits the jelly.
The jelly is poisoned.
Your skin stops crawling.
You feel less strong-willed. The jelly closely misses you.
You hit the jelly.
Your hands burn!
The jelly is lightly wounded.
The jelly closely misses you. The jelly completely misses you.
You hit the jelly.
Your hands burn!
The jelly is severely wounded.
The jelly hits you.
You are splashed with acid!
The jelly hits you but does no damage.
You hit the jelly.
Your hands burn!
The jelly is almost dead.
The jelly hits you but does no damage.
You hit the jelly but do no damage.
Your hands burn!
The jelly is almost dead.
The jelly barely misses you. The jelly hits you but does no damage.
You hit the jelly but do no damage. The acid corrodes you!
Your hands burn!
The jelly is almost dead.
The jelly hits you. The acid corrodes you!
You are splashed with acid!
* * * LOW HITPOINT WARNING * * *
The jelly hits you.
* * * LOW HITPOINT WARNING * * *
You are splashed with acid!
You die...

#.## #.# # #.# ######
#.###### #.# ########
#÷.JJ.. #..[...#
#.####......##'....J.
######..
#..##.......#.# ##.
#..).)......#(# #.
#..'........#.# ##
##.').....#'#J#
#.##.....#.#@# #
#####....#.#.# #
#######.## # ### # #
# # #


You could see a jelly (poisoned).

Vanquished Creatures
  A scorpion (D:3)
  2 jellies (D:3)
  An orc priest (D:4)
  2 gnoll boudas (D:4)
  3 adders
  7 gnolls (D:4)
  A worm (D:2)
  4 dart slugs
  6 orcs
  5 ball pythons
  6 endoplasms
  2 giant cockroaches
  6 goblins
  12 hobgoblins
  2 quokkas
  7 bats
  4 frilled lizards
  10 kobolds
  6 rats
87 creatures vanquished.

Notes
Turn   | Place    | Note
-------+----------+-------------------------------------------
     0 | D:1      | Gargoyl the Gargoyle Berserker began the quest for the Orb.
     0 | D:1      | Reached XP level 1. HP: 14/14 MP: 1/1
   198 | D:1      | Reached XP level 2. HP: 19/19 MP: 2/2
   226 | D:1      | Reached skill level 3 in Axes
   914 | D:2      | Reached XP level 3. HP: 23/24 MP: 3/3
  1033 | D:2      | Reached ** piety under Trog
  1235 | D:2      | Reached XP level 4. HP: 29/29 MP: 4/4
  1426 | D:3      | Noticed a scorpion
  1436 | D:3      | Killed a scorpion
  1437 | D:3      | Reached skill level 4 in Axes
  1437 | D:3      | Reached XP level 5. HP: 33/33 MP: 5/5
  1462 | D:3      | Found a sacrificial altar of Ru.
  1558 | D:3      | Found a basalt altar of Yredelemnul.
  1558 | D:3      | Found an ornate altar of the Wu Jian Council.
  1644 | D:3      | You fall into a shaft and drop 1 floor!
  1649 | D:4      | Identified the +0 robe of Minor Irritation {rC+}
  1913 | D:4      | Reached XP level 6. HP: 39/39 MP: 6/6
  1929 | D:4      | HP: 1/39 [gnoll/+0 whip[a gnoll bouda] (4)]
  2555 | D:3      | Reached skill level 5 in Axes
  2572 | D:3      | Splashed by a jelly's acid

Illustrated notes

Levels and vault maps discovered:
D:1:      dpeg_arrival_water_temple_mockup, layout_basic,
          nicolae_kite_square_tiling_tiny
D:2:      layout_rooms, minmay_goblin_outpost
D:3:      cheibrodos_fertilizer, layout_basic, nicolae_ru_path_of_blood,
          gammafunk_temple_overflow_wave
D:4:      layout_loops_corners, nzn_hepliaklqana_mist_gate, tgw_kikubaaqudgha

Skill      XL: |  1  2  3  4  5  6 |
---------------+-------------------+-----
Axes           | 3 4 5 |  5.2
Dodging        | 2 |  2.6
Fighting       | 4 |  4.6
Armour         | 3 |  3.2
Stealth        | |  0.4

Action                     |  1- 3 |  4- 6 || total
---------------------------+-------+-------++-------
  Melee: Hand axe          |   121 |   183 ||   304
         Punch             |     1 |     1 ||     2
  Throw: Dart              |       |     2 ||     2
 Invoke: Berserk           |     4 |     6 ||    10
         Trog's Hand       |       |     6 ||     6
    Use: Scroll            |       |     6 ||     6
         Potion            |       |     5 ||     5
   Stab: Invisible         |       |     2 ||     2
 Armour: Animal skin       |    49 |    13 ||    62
         Scale mail        |       |    83 ||    83
  Dodge: Dodged            |    70 |   107 ||   177

Table legend: (Time is in decaauts)
 A = Elapsed time spent in this place.
 B = Non-inter-level travel time spent in this place.
 C = Inter-level travel time spent in this place.
 D = Time resting spent in this place.
 E = Time spent auto-exploring this place.
 F = Levels seen in this place.
 G = Mean time per level.
                   A        B        C        D        E       F      G
               +--------+--------+--------+--------+--------+-----+--------+
         Total |   2664 |   2624 |     40 |     24 |   1712 |   4 |  666.0 |
       Dungeon |   2664 |   2624 |     40 |     24 |   1712 |   4 |  666.0 |
               +--------+--------+--------+--------+--------+-----+--------+

Top non-repeatable levels by time:
     D:1: 933 daAuts
     D:3: 647 daAuts
     D:2: 543 daAuts
     D:4: 540 daAuts
